 Dungeon Crawl Stone Soup version 0.28-a0-500-g121bc3e445 (webtiles) character file.

Game seed: 14187767750614742888

39265 Spaninq the Carver (level 13, -12/99 (103) HPs)
             Began as a Demonspawn Wanderer on Sept 19, 2021.
             Was the Champion of Okawaru.
             Mangled by an orc knight (14 damage)
             ... while paralysed by an orc sorcerer
             ... on level 2 of the Orcish Mines.
             The game lasted 01:23:53 (24750 turns).

Spaninq the Carver (Demonspawn Wanderer)           Turns: 24750, Time: 01:23:54

HP:   -12/99 (103)  AC: 26    Str: 16    XL:     13   Next: 68%
MP:   0/22          EV:  2    Int: 14    God:    Okawaru [******]
Gold: 1475          SH:  0    Dex: 14    Spells: 11/12 levels left

rFire   . . .      SeeInvis .   v - +3 hunting sling (flame)
rCold   + . .      Faith    .   c - +0 buckler
rNeg    . . .      Spirit   +   P - +1 plate armour {rPois}
rPois   +          Reflect  .   q - +2 hat "Udoarch" {rCorr}
rElec   +          Harm     .   z - +0 cloak
rCorr   +          Rampage  .   r - +1 pair of gloves
Will    .....                   l - +0 pair of boots
Stlth   ..........              m - amulet of guardian spirit
HPRegen 0.26/turn               h - ring of protection from fire
MPRegen 0.36/turn               u - ring of ice

@: paralysed, studying Armour, lightly drained
A: horns 2, thin metallic scales 3, ignite blood 3, augmentation 1, magic
regeneration
a: Renounce Religion, Heroism, Finesse, Duel


You were on level 2 of the Orcish Mines.
You worshipped Okawaru.
Okawaru was exalted by your worship.
You visited 4 branches of the dungeon, and saw 18 of its levels.
You also visited: Ice Cave.

You collected 1475 gold pieces.

Inventory:

Hand Weapons
 s - a +4 scimitar
 v - a +3 hunting sling of flaming (weapon)
 M - the +8 whip "Snakebite" {venom, curare, rPois}
   (You found it on level 1 of the Lair of Beasts)

   It poisons the flesh of those it strikes.
   It occasionally inflicts asphyxiating poison on those it strikes, dealing
   poison damage and causing slowness.
   rPois:     It protects you from poison.
 O - a +2 war axe of flaming
Missiles
 b - 453 stones (quivered ammo)
 e - 356 sling bullets
Armour
 c - a +0 buckler (worn)
 l - a +0 pair of boots (worn)
 q - the +2 hat "Udoarch" (worn) {rCorr}
   (Okawaru gifted it to you on level 9 of the Dungeon)

   rCorr:     It protects you from acid and corrosion.
 r - a +1 pair of gloves (worn)
 z - a +0 cloak (worn)
 L - the +0 chain mail of Kielo {rC++ Will+}
   (You found it on level 8 of the Dungeon)

   rC:        It greatly protects you from cold.
   Will:      It increases your willpower.
 P - a +1 plate armour of poison resistance (worn)
Jewellery
 h - a ring of protection from fire (left hand)
 m - an amulet of guardian spirit (around neck)
 u - a ring of ice (right hand)
 y - a ring of wizardry
 G - a ring of flight
 J - a ring of ice
 N - a ring of resist corrosion
Wands
 a - a wand of acid (15)
 t - a wand of polymorph (12)
 w - a wand of paralysis (5)
 B - a wand of flame (15)
 C - a wand of digging (2)
 H - a wand of iceblast (40)
Scrolls
 g - a scroll of fear
 k - 2 scrolls of blinking
 o - 4 scrolls of identify
 p - 3 scrolls of enchant armour
 A - 3 scrolls of amnesia
 Q - a scroll of teleportation
Potions
 d - 5 potions of curing
 f - 2 potions of cancellation
 i - 3 potions of heal wounds
 j - 2 potions of haste
 x - 2 potions of resistance {unknown}
 D - 2 potions of ambrosia {unknown}
 E - 2 potions of might {unknown}
 F - a potion of invisibility {unknown}


   Skills:
 + Level 9.9 Fighting
 * Level 13.1 Long Blades
 + Level 8.4 Slings
 + Level 9.5 Armour
 - Level 1.7 Stealth
 - Level 4.0 Shields
 - Level 1.0 Unarmed Combat
 + Level 12.2 Invocations
 - Level 1.0 Evocations


You had 11 spell levels left.
You knew the following spells:

 Your Spells              Type           Power      Damage    Failure   Level
a - Apportation           Tloc           0%         N/A       100%        1

Your spell library contained the following spells:

 Spells                   Type           Power      Damage    Failure   Level
 Pain                     Necr           0%         1d4       100%        1
 Sandblast                Erth           0%         2d4       100%        1
 Sting                    Tmut/Pois      0%         1d3       100%        1
 Corpse Rot               Necr/Air       N/A        N/A       100%        2
 Passwall                 Tmut/Erth      0%         N/A       100%        2
 Scorch                   Fire           0%         2d5       100%        2
 Static Discharge         Conj/Air       0%         N/A       100%        2
 Dazzling Flash           Conj/Hex       0%         N/A       100%        3
 Gell's Gravitas          Tloc           0%         N/A       100%        3
 Ignite Poison            Fire/Tmut/Pois 0%         N/A       100%        3
 Lesser Beckoning         Tloc           0%         N/A       100%        3
 Mephitic Cloud           Conj/Pois/Air  0%         N/A       100%        3
 Portal Projectile        Hex/Tloc       0%         N/A       100%        3
 Stone Arrow              Conj/Erth      0%         3d7       100%        3
 Teleport Other           Tloc           0%         N/A       100%        3
 Vampiric Draining        Necr           0%         2d6       100%        3
 Airstrike                Air            0%         N/A       100%        4
 Dispel Undead            Necr           0%         3d6       100%        4
 Flame Wave               Conj/Fire      0%         3d3       100%        4
 Leda's Liquefaction      Hex/Erth       0%         N/A       100%        4
 Sticky Flame             Conj/Fire      0%         2d3       100%        4
 Alistair's Intoxication  Tmut/Pois      0%         N/A       100%        5
 Borgnjor's Vile Clutch   Necr/Erth      0%         N/A       100%        5
 Fireball                 Conj/Fire      0%         3d3       100%        5
 Freezing Cloud           Conj/Ice/Air   0%         6-21      100%        5
 Iskenderun's Battlesphe  Conj           0%         2d6       100%        5
 Lightning Bolt           Conj/Air       0%         1d11      100%        5
 Metabolic Englaciation   Hex/Ice        0%         N/A       100%        5
 Conjure Ball Lightning   Conj/Air       0%         3x3d6     100%        6
 Eringya's Noxious Bog    Tmut/Pois      0%         N/A       100%        6
 Invisibility             Hex            0%         N/A       100%        6
 Orb of Destruction       Conj           0%         N/A       100%        7
 Animate Skeleton         Necr           Unusable   N/A       N/A         1
 Call Canine Familiar     Summ           Unusable   N/A       N/A         3
 Animate Dead             Necr           Unusable   N/A       N/A         4
 Summon Lightning Spire   Summ/Air       Unusable   N/A       N/A         4
 Death Channel            Necr           Unusable   N/A       N/A         6
 Summon Cactus Giant      Summ           Unusable   N/A       N/A         6

Dungeon Overview and Level Annotations

Branches:
Dungeon (10/15)            Temple (1/1) D:4            Lair (5/6) D:9
 Shoals (0/4) Lair:2       Spider (0/4) Lair:3          Orc (2/2) D:10
  IceCv (visited)
  Slime: Lair:5-6       Elf: Orc:2

Altars:
Ashenzari
Cheibriados
Dithmenos
Elyvilon
Fedhas
Gozag
Hepliaklqana
Kikubaaqudgha
Makhleb
Nemelex Xobeh
Okawaru
Qazlal
Ru
Sif Muna
Trog
Uskayaw
Vehumet
Wu Jian
Xom
Yredelemnul
Zin
The Shining One

Annotations:
D:8 2 transporters, Pooter's ghost, novice MiBe
Lair:5 2 runed translucent doors, Denysae's ghost, journeyman OgAr


Innate Abilities, Weirdness & Mutations

You have a pair of horns on your head.
You are completely covered in thin metallic scales. (AC +4, rElec)
Your demonic aura causes all spilled blood to erupt in flames.
Your magical and physical power is slightly enhanced at high health.
You regenerate magic rapidly.


Message History

You see here the +3 double sword "Urphenko" {drain, *Slow +Blink Int+3 Dex+3}.
The orc sorcerer casts a spell at you.
You suddenly lose the ability to move!
The orc high priest mumbles some strange prayers.
The orc high priest invokes the aid of Beogh against you.
Beogh smites you!
The orc warrior hits you with a +0 war axe!
The orc sorcerer gestures wildly while chanting.
The orc knight hits you with a +1 battleaxe of electrocution!!
The orc sorcerer casts a spell at you. The bolt of negative energy hits you!!
You feel drained.
* * * LOW HITPOINT WARNING * * *
The orc wizard casts a spell.
The orc wizard flickers and vanishes!
Deactivating autopickup; reactivate with Ctrl-A.
The orc warrior is engulfed in blazing flames.
The orc warrior hits you but does no damage.
The orc sorcerer hits you with a +0 dagger!
* * * LOW HITPOINT WARNING * * *
The orc priest begins to cast a cantrip, but forgets the words!
The orc warrior is engulfed in blazing flames.
The orc warrior hits you but does no damage.
The orc knight hits you with a +1 battleaxe of electrocution!!
* * * LOW HITPOINT WARNING * * *
The orc sorcerer points at you and mumbles some strange words.
The bolt of fire hits you but does no damage.
The orc warrior is engulfed in blazing flames.
The orc warrior hits you with a +0 war axe.
* * * LOW HITPOINT WARNING * * *
The orc sorcerer casts a spell at you.
The bolt of negative energy hits you but does no damage.
The orc sorcerer hits you but does no damage.
The orc knight shoots a bolt.
The bolt hits you but does no damage.
The orc warrior is engulfed in blazing flames.
The orc warrior hits you but does no damage.
The hellwing swoops through the air toward you!
The hellwing hits you but does no damage.
The hellwing barely misses you.
The orc knight hits you with a +1 battleaxe of electrocution!
You die...

#.#.#........##.......)........
#..........#.#..............##
##.........####............###
#.........# ##.............##
#.........###...(..(........#
##.........#..o[.............
#....#.....(ooo.............
##.#.#....oooo{.............
###.##...○@○o.....##.......
###..#.o4......####......
#.##........## ##..#.. ##
#.......## ##..#.. #.....#.##
#...##. ###..#### ##.###. #...
##.##.# ##.. #...### ##.##


You could see 4 orc knights, an orc high priest (strong), a hellwing (summoned),
2 orc sorcerers, 2 orc warriors and an orc priest (strong).

Vanquished Creatures
  Gastronok (D:8)
  5 hydras
  Fannar (Lair:1)
  Harold (D:7)
  6 death yaks (Lair:4)
  An orc high priest (Orc:1)
  A lindwurm (Lair:3)
  Pikel (D:7)
  2 orc sorcerers (Orc:2)
  An ugly thing (IceCv)
  A black mamba (Lair:4)
  3 ice statues (IceCv)
  5 cane toads
  A merfolk siren (Lair:2)
  Joseph (D:8)
  Maggie (D:7)
  A freezing wraith (IceCv)
  4 rime drakes
  Psyche (D:8)
  5 komodo dragons
  A troll (D:10)
  6 dream sheep (Lair:2)
  A polar bear (Lair:2)
  12 blink frogs
  3 wyverns
  A dire elephant simulacrum (IceCv)
  13 yaks
  5 basilisks
  A steam dragon (D:8)
  3 wargs (Orc:2)
  A harpy simulacrum (IceCv)
  3 swamp worms (Lair:3)
  27 water moccasins
  5 black bears
  3 sky beasts
  11 orc warriors
  2 ice beasts
  5 ogres
  33 wolves
  4 centaurs
  2 lemures (D:7)
  A kobold brigand (D:8)
  10 bullfrogs
  2 scorpions
  A gnoll sergeant (D:8)
  3 water moccasin zombies
  2 elephant simulacra (IceCv)
  3 killer bees (D:7)
  4 wights (D:4)
  A howler monkey (D:5)
  A lava snake (D:10)
  6 centaur zombies
  18 orc priests
  A jelly (D:5)
  2 gnoll shamans
  4 hounds
  A centaur skeleton (D:6)
  Jessica (D:2)
  7 hell rats (Lair:4)
  An iguana (D:5)
  16 orc wizards
  2 wolf simulacra (IceCv)
  A hound zombie (D:5)
  2 howler monkey zombies (D:9)
  6 adders
  18 gnolls
  3 shadow imps
  14 white imps
  4 ufetubi
  An adder zombie (D:5)
  An adder skeleton (D:4)
  2 dart slugs (D:1)
  75 orcs
  10 endoplasms
  2 giant cockroaches (D:1)
  11 goblins
  10 hobgoblins
  5 jackals
  11 kobolds
  5 quokkas
  4 ball pythons
  2 bats
  A frilled lizard (D:1)
  8 rats
  3 butterflies
471 creatures vanquished.

Vanquished Creatures (others)
  47 fungi
  38 plants
85 creatures vanquished.

Grand Total: 556 creatures vanquished

Notes
Turn   | Place    | Note
-------+----------+-------------------------------------------
     0 | D:1      | Spaninq the Demonspawn Wanderer began the quest for the
                  | Orb.
     0 | D:1      | Spaninq set off with the following items: a +2 falchion, a
                  | +0 short sword, a +0 buckler, a +0 robe, a +0 dagger
     0 | D:1      | Reached XP level 1. HP: 15/15 MP: 1/1
   307 | D:1      | Gained mutation: You have a pair of small horns on your
                  | head. [demonic ancestry]
   307 | D:1      | Reached XP level 2. HP: 10/21 MP: 2/2
   636 | D:1      | Found a faded altar of an unknown god.
   963 | D:1      | Reached skill level 4 in Long Blades
  1078 | D:1      | Gained mutation: You are partially covered in thin metallic
                  | scales. (AC +2) [demonic ancestry]
  1078 | D:1      | Reached XP level 3. HP: 20/26 MP: 3/3
  1856 | D:2      | Noticed Jessica
  1868 | D:2      | Killed Jessica
  1966 | D:2      | Gained mutation: Your demonic aura sometimes causes spilled
                  | blood to erupt in flames. [demonic ancestry]
  1966 | D:2      | Reached XP level 4. HP: 33/33 MP: 4/4
  2682 | D:2      | Learned a level 1 spell: Apportation
  3104 | D:3      | Found a shadowy altar of Dithmenos.
  3254 | D:3      | Noticed an ice beast
  3819 | D:3      | Killed an ice beast
  3820 | D:3      | Reached skill level 1 in Armour
  3820 | D:3      | Gained mutation: Your demonic aura often causes spilled
                  | blood to erupt in flames. [demonic ancestry]
  3820 | D:3      | Reached XP level 5. HP: 39/39 MP: 5/5
  4276 | D:4      | Reached skill level 5 in Long Blades
  4276 | D:4      | Reached XP level 6. HP: 32/46 MP: 4/6
  4529 | D:4      | Found a staircase to the Ecumenical Temple.
  4547 | Temple   | Entered the Ecumenical Temple
  4654 | Temple   | Became a worshipper of Warmaster Okawaru
  5917 | D:4      | Reached skill level 1 in Invocations
  6449 | D:4      | Found a staircase to the Ecumenical Temple.
  6483 | D:4      | Gained mutation: You have a pair of horns on your head.
                  | [demonic ancestry]
  6483 | D:4      | Reached XP level 7. HP: 39/52 MP: 6/8
  7424 | D:5      | Entered Level 5 of the Dungeon
  7574 | D:5      | Reached * piety under Okawaru
  7598 | D:5      | Reached skill level 1 in Slings
  7750 | D:5      | Reached skill level 6 in Long Blades
  7804 | D:5      | Identified the +1 robe "Meuhie" {Harm rElec rPois Str-4}
  7810 | D:5      | Gained mutation: Your demonic aura causes all spilled blood
                  | to erupt in flames. [demonic ancestry]
  7810 | D:5      | Reached XP level 8. HP: 60/60 MP: 10/10
  8149 | D:5      | Reached ** piety under Okawaru
  8320 | D:5      | Got the Almanac of Captivating Poison
  8573 | D:6      | Reached skill level 7 in Long Blades
  8687 | D:6      | Reached skill level 5 in Invocations
  8872 | D:6      | Gained mutation: You are mostly covered in thin metallic
                  | scales. (AC +3) [demonic ancestry]
  8872 | D:6      | Reached XP level 9. HP: 39/67 MP: 7/12
  9023 | D:6      | Found a burning altar of Makhleb.
  9866 | D:7      | Reached skill level 5 in Fighting
 10054 | D:7      | Noticed Harold
 10162 | D:7      | Noticed Maggie
 10173 | D:7      | Killed Maggie
 10173 | D:7      | Reached *** piety under Okawaru
 10441 | D:7      | Reached skill level 8 in Long Blades
 10567 | D:7      | Noticed Pikel
 10600 | D:7      | Killed Pikel
 10607 | D:7      | Reached **** piety under Okawaru
 10778 | D:7      | Killed Harold
 10779 | D:7      | Gained mutation: You are completely covered in thin
                  | metallic scales. (AC +4, rElec) [demonic ancestry]
 10779 | D:7      | Reached XP level 10. HP: 53/76 MP: 10/15
 10913 | D:8      | Noticed Gastronok
 10941 | D:8      | Killed Gastronok
 10941 | D:8      | Reached ***** piety under Okawaru
 10942 | D:8      | Reached skill level 9 in Long Blades
 10942 | D:8      | Reached skill level 5 in Armour
 10998 | D:8      | Noticed Joseph
 11267 | D:8      | Killed Joseph
 11274 | D:8      | Identified the +0 chain mail of Kielo {rC++ Will+}
 11351 | D:8      | You fall into a shaft and drop 1 floor!
 11351 | D:9      | Found a staircase to the Lair.
 11419 | D:9      | Reached skill level 5 in Slings
 11441 | D:10     | Entered Level 10 of the Dungeon
 11792 | D:8      | Found a broken altar of Ashenzari.
 11904 | D:8      | Received a gift from Okawaru
 12246 | D:8      | Found a transporter.
 12335 | D:8      | Noticed Psyche
 12447 | D:8      | Found a transporter.
 12505 | D:8      | Noticed Pooter's ghost (novice MiBe)
 12591 | D:8      | Killed Psyche
 12591 | D:8      | Received a gift from Okawaru
 12592 | D:8      | Gained mutation: You regenerate magic rapidly. [demonic
                  | ancestry]
 12592 | D:8      | Reached XP level 11. HP: 84/84 MP: 17/17
 12915 | D:9      | Reached skill level 10 in Long Blades
 13421 | D:9      | Identified the +2 hat "Udoarch" {rCorr} (Okawaru gifted it
                  | to you on level 9 of the Dungeon)
 13421 | D:9      | Received a gift from Okawaru
 13438 | D:9      | Found an ornate altar of the Wu Jian Council.
 14021 | D:10     | Got the Papyrus of Doomed Blows and Bruises
 14123 | D:10     | Found a staircase to the Orcish Mines.
 14738 | D:10     | Found a hide-covered altar of Uskayaw.
 14967 | Lair:1   | Entered Level 1 of the Lair of Beasts
 15939 | Lair:1   | Noticed Fannar
 15946 | Lair:1   | Killed Fannar
 16048 | Lair:1   | Noticed a seven-headed hydra
 16056 | Lair:1   | Killed a seven-headed hydra
 16212 | Lair:1   | Found the +8 whip "Snakebite" {venom, curare, rPois}
 16435 | Lair:1   | Received a gift from Okawaru
 16436 | Lair:1   | Reached skill level 11 in Long Blades
 16436 | Lair:1   | Found the +11 plutonium sword {Contam Stlth-}
 16573 | Lair:2   | Noticed a six-headed hydra
 16588 | Lair:2   | Killed a six-headed hydra
 16589 | Lair:2   | Reached skill level 10 in Invocations
 16803 | Lair:2   | Gained mutation: Your magical and physical power is
                  | slightly enhanced at high health. [demonic ancestry]
 16803 | Lair:2   | Reached XP level 12. HP: 80/92 MP: 19/19
 17452 | Lair:1   | Reached ****** piety under Okawaru
 17942 | Lair:2   | Received a gift from Okawaru
 18154 | Lair:2   | Found a staircase to the Shoals.
 18506 | Lair:2   | Received a gift from Okawaru
 18627 | Lair:3   | Found a hole to the Spider Nest.
 18990 | Lair:3   | Reached skill level 12 in Long Blades
 19078 | Lair:3   | Noticed an eight-headed hydra
 19086 | Lair:3   | Killed an eight-headed hydra
 19781 | Lair:4   | Found a frozen archway.
 19860 | IceCv    | Entered an ice cave
 20103 | IceCv    | Received a gift from Okawaru
 20363 | IceCv    | Reached XP level 13. HP: 73/101 MP: 15/21
 20559 | IceCv    | Identified the +1 dagger "Imp's Foe" {drain, rCorr}
 20621 | Lair:4   | Identified the +12 hand axe of Courage {vorpal, *Slow
                  | Str+6}
 21759 | Lair:4   | Received a gift from Okawaru
 22657 | Lair:5   | Found a large runed translucent door.
 22658 | Lair:5   | Found a large runed translucent door.
 22661 | Lair:5   | Noticed Denysae's ghost (journeyman OgAr)
 22846 | Lair:5   | Received a gift from Okawaru
 23544 | Orc:1    | Entered Level 1 of the Orcish Mines
 23549 | Orc:1    | Received a gift from Okawaru
 23773 | Orc:2    | Entered Level 2 of the Orcish Mines
 23876 | Orc:1    | Noticed an orc warlord
 23876 | Orc:1    | Found a burning altar of Makhleb.
 24245 | Orc:2    | Identified the +3 double sword "Urphenko" {drain, *Slow
                  | +Blink Int+3 Dex+3} (Okawaru gifted it to you on level 2 of
                  | the Orcish Mines)
 24245 | Orc:2    | Received a gift from Okawaru
 24246 | Orc:2    | Reached skill level 13 in Long Blades
 24266 | Orc:2    | Paralysed by an orc sorcerer for 3 turns
 24665 | Orc:2    | Paralysed by an orc sorcerer for 2 turns
 24746 | Orc:2    | Paralysed by an orc sorcerer for 6 turns
 24748 | Orc:2    | HP: 4/99 [orc knight (16)]
 24750 | Orc:2    | Mangled by an orc knight

Illustrated notes

Levels and vault maps discovered:
D:1:      wheals_arrival_linesprint, layout_basic,
          hellmonk_ecumenical_altar_blasted, minmay_domino_2
D:2:      layout_loops_corners, uniq_jessica
D:3:      layout_loops_corners, grunt_dithmenos_smoke_and_mirrors
D:4:      layout_layer_cave, minmay_temple_entry_mini_moons
D:5:      layout_loops_ring
D:6:      layout_basic, amcnicky_altar_gilded
D:7:      layout_rooms, serial_curves, eino_curves_04, eino_curves_04,
          uniq_harold, uniq_maggie, uniq_pikel
D:8:      layout_rooms, mainiacjoe_overflow_catwalk_spiral,
          lightli_bailey_entry_fortress, gammafunk_ghost_stat_death,
          chequers_serial_rivers_large_a, uniq_gastronok, uniq_joseph,
          uniq_psyche
D:9:      layout_rooms, nzn_wu_jian_council_hall, due_lair_maze_entry_diamond
D:10:     layout_cave_pools, nicolae_uskayaw_suspiria, hiddenorc2_lemuel
Temple:   nicolae_temple_elliptical
Lair:1:   minmay_guarded_unrand_snakebite, layout_regular_city,
          grunt_megastairs_3, lemuel_fruit_fields, uniq_fannar
Lair:2:   layout_hall_layers, elwin_shoals_entry_rooms, enter_volcano_2,
          grunt_forest_large_clearings, lemuel_fruit_fields
Lair:3:   layout_chaotic_city, dummy_spider_entry, worms_lemuel
Lair:4:   layout_regular_city, portal_ice_cave_entry_imps,
          grunt_forest_stairs_basic
Lair:5:   layout_long_grid, ebering_ghost_disaster_area, lemuel_fruit_tree
Orc:1:    layout_caves, bloody_makhleb
Orc:2:    st_orc_elflike, layout_diamond_mine, basic_altar

Skill      XL: |  1  2  3  4  5  6  7  8  9 10 11 12 13 |
---------------+----------------------------------------+-----
Long Blades    | 4 5 6 7 8 9 11 12 13 | 13.1
Shields        | 2 3 4 |  4.0
Fighting       | 2 3 4 5 7 8 9 |  9.9
Armour         | 1 2 3 4 6 7 8 9 |  9.5
Invocations    | 1 3 5 6 8 10 11 12 | 12.2
Slings         | 1 2 4 5 6 7 8 |  8.4
Stealth        | |  1.7
Unarmed Combat | |  1.0
Evocations     | |  1.0

Action                   |  1- 3 |  4- 6 |  7- 9 | 10-12 | 13-15 || total
-------------------------+-------+-------+-------+-------+-------++-------
Melee: Falchion          |    85 |    15 |       |       |       ||   100
       Headbutt          |     9 |    16 |    46 |   119 |    31 ||   221
       Dagger            |       |   107 |   262 |   431 |       ||   800
       Unarmed           |       |       |       |     8 |       ||     8
       Scimitar          |       |       |       |   185 |   134 ||   319
       Whip              |       |       |       |     6 |       ||     6
       Hunting sling     |       |       |       |     1 |       ||     1
       War axe           |       |       |       |       |     2 ||     2
 Fire: Hunting sling     |       |     9 |   122 |   409 |   111 ||   651
 Cast: Apportation       |       |     1 |       |       |       ||     1
Evoke: Wand              |       |       |       |     2 |       ||     2
  Use: Scroll            |     1 |       |       |    17 |     1 ||    19
       Potion            |       |       |       |     5 |       ||     5
 Stab: Sleeping          |     4 |     3 |       |       |       ||     7
Armor: Robe              |    15 |     8 |       |       |       ||    23
       Ring mail         |       |    29 |       |       |       ||    29
       Scale mail        |       |     2 |    91 |   431 |       ||   524
       Skin              |       |       |       |     4 |       ||     4
       Plate armour      |       |       |       |    15 |    70 ||    85
       Chain mail        |       |       |       |    14 |    22 ||    36
Dodge: Dodged            |    41 |    25 |    60 |   293 |    26 ||   445
Block: Buckler           |    15 |    18 |    39 |   185 |    14 ||   271

Table legend: (Time is in decaauts)
 A = Elapsed time spent in this place.
 B = Non-inter-level travel time spent in this place.
 C = Inter-level travel time spent in this place.
 D = Time resting spent in this place.
 E = Time spent auto-exploring this place.
 F = Levels seen in this place.
 G = Mean time per level.
                   A        B        C        D        E       F      G
               +--------+--------+--------+--------+--------+-----+--------+
         Total |  24456 |  23361 |   1095 |   4380 |  14063 |  19 | 1287.2 |
       Dungeon |  15146 |  14392 |    754 |   2128 |   9119 |  10 | 1514.6 |
        Temple |    127 |    108 |     19 |      0 |     75 |   1 |  127.0 |
          Lair |   7290 |   6985 |    305 |   1201 |   4485 |   5 | 1458.0 |
  Orcish Mines |   1188 |   1172 |     16 |    649 |    324 |   2 |  594.0 |
      Ice Cave |    703 |    703 |      0 |    402 |     59 |   1 |  703.0 |
               +--------+--------+--------+--------+--------+-----+--------+

Top non-repeatable levels by time:
     D:4: 2895 daAuts
  Lair:1: 2003 daAuts
     D:1: 1988 daAuts
  Lair:4: 1907 daAuts
     D:9: 1598 daAuts
     D:7: 1552 daAuts
  Lair:3: 1511 daAuts
     D:8: 1353 daAuts
     D:3: 1317 daAuts
     D:6: 1256 daAuts
  Lair:2: 1126 daAuts
     D:2: 1100 daAuts
     D:5: 1042 daAuts
    D:10: 1041 daAuts
   Orc:1: 835 daAuts
